 Dungeon Crawl Stone Soup version 0.29-a0-775-g4d7333d4e2 (webtiles) character file.

Game seed: 15411714666445454984

17861 frimble the Cleaver (level 12, -7/112 HPs)
             Began as a Minotaur Monk on July 2, 2022.
             Was a High Priest of Okawaru.
             Mangled by a komodo dragon (31 damage)
             ... on level 1 of the Lair of Beasts.
             The game lasted 00:18:52 (11193 turns).

frimble the Cleaver (Minotaur Monk)                Turns: 11193, Time: 00:18:52

Health: -7/112     AC:  6    Str: 18    XL:     12   Next: 22%
Magic:  15/17      EV: 17    Int: 17    God:    Okawaru [*****.]
Gold:   1256       SH:  0    Dex: 18    Spells: 9/11 levels left

rFire   + . .      SeeInvis +   q - +11 hand axe of Crystal {speed, rC+ rN+ Str-2 Dex+4}
rCold   + + .      Faith    .   (no shield)
rNeg    + . .      Spirit   .   o - +1 robe "Iliuxzunn" {rCorr Slay+3}
rPois   +          Reflect  .   L - +3 hat of the Original Sin {rPois Str+4 Slay-2}
rElec   .          Harm     .   j - scarf {rC+ rF+}
rCorr   +          Rampage  .   (no gloves)
Will    .....                   (no boots)
Stlth   ++++......              r - amulet of regeneration
HPRegen 1.08/turn               m - ring of see invisible
MPRegen 0.15/turn               M - +6 ring of intelligence

@: heroic
A: horns 2, retaliatory headbutt
a: Renounce Religion, Heroism, Finesse, Duel


You were on level 1 of the Lair of Beasts.
You worshipped Okawaru.
Okawaru was extremely pleased with you.
You visited 3 branches of the dungeon, and saw 13 of its levels.
You also visited: Ossuary, Bailey and Gauntlet.

You collected 1256 gold pieces.

Inventory:

Hand Weapons
 q - the +11 hand axe of Crystal (weapon) {speed, rC+ rN+ Str-2 Dex+4}
   (You found it on level 5 of the Dungeon)

   Attacks with this weapon are significantly faster.
   Str:       It affects your strength (-2).
   Dex:       It affects your dexterity (+4).
   rC:        It protects you from cold.
   rN:        It protects you from negative energy.
 H - a +2 broad axe of flaming
 J - a +0 demon trident of draining
Missiles
 a - 10 javelins
 k - 13 boomerangs (quivered)
 u - 2 throwing nets
 E - 13 poisoned darts
 G - 3 silver boomerangs
 I - a curare-tipped dart
Armour
 j - a scarf of resistance (worn)
 o - the +1 robe "Iliuxzunn" (worn) {rCorr Slay+3}
   (You found it on level 5 of the Dungeon)

   Slay:      It affects your accuracy & damage with ranged weapons and melee
   (+3).
   rCorr:     It protects you from acid and corrosion.
 F - the +1 pair of gloves of the Desolation of Salt {rPois Str-5 Int+3 Dex+4}
   (Okawaru gifted it to you on level 9 of the Dungeon)

   Str:       It affects your strength (-5).
   Int:       It affects your intelligence (+3).
   Dex:       It affects your dexterity (+4).
   rPois:     It protects you from poison.
 K - a +0 kite shield
 L - the +3 hat of the Original Sin (worn) {rPois Str+4 Slay-2}
   (You found it in a Gauntlet)

   Str:       It affects your strength (+4).
   Slay:      It affects your accuracy & damage with ranged weapons and melee
   (-2).
   rPois:     It protects you from poison.
 N - the +0 hat of Keroc {rF+ rC+ MP+9}
   (You found it in a Gauntlet)

   rF:        It protects you from fire.
   rC:        It protects you from cold.
   MP:        It affects your magic capacity (+9).
 P - a +1 tower shield of protection
Jewellery
 m - a ring of see invisible (left hand)
 r - an amulet of regeneration (around neck)
 A - the ring of Ukarhuc {Fire rCorr Str+5 Dex+2 SInv}
   (You took it off a minotaur in a Gauntlet)

   [ring of fire]

   It enhances your fire magic.
   Str:       It affects your strength (+5).
   Dex:       It affects your dexterity (+2).
   rF:        It protects you from fire.
   rC:        It makes you vulnerable to cold.
   SInv:      It lets you see invisible.
   rCorr:     It protects you from acid and corrosion.
 M - a +6 ring of intelligence (right hand)
 O - a ring of ice
 Q - a +6 ring of strength
Wands
 w - a wand of flame (2)
 D - a wand of iceblast (2)
Scrolls
 e - 2 scrolls of fear
 f - 5 scrolls of immolation
 p - 4 scrolls of vulnerability
 s - 2 scrolls of brand weapon
 t - 4 scrolls of teleportation
 y - a scroll of enchant armour
 B - 2 scrolls of enchant weapon
 C - 2 scrolls of identify
Potions
 b - 2 potions of attraction
 c - 7 potions of ambrosia
 d - 6 potions of mutation
 g - 6 potions of flight
 h - a potion of heal wounds
 i - 10 potions of curing
 l - 4 potions of might {unknown}
 n - a potion of cancellation
 v - 2 potions of resistance
 x - 2 potions of magic
 z - 2 potions of lignification


   Skills:
 - Level 12.0(17.0) Fighting
 + Level 12.5(17.5) Axes
 - Level 9.2(14.2) Throwing
 - Level 3.0(8.0) Armour
 - Level 4.1(9.1) Dodging
 - Level 1.5(6.5) Stealth
 + Level 3.0(8.0) Shields
 + Level 5.5 Translocations
 - Level 8.0 Invocations


You had 9 spell levels left.
You knew the following spells:

 Your Spells              Type           Power      Damage    Failure   Level
a - Blink                 Tloc           36%        N/A       3%          2

Your spell library contained the following spells:

 Spells                   Type           Power      Damage    Failure   Level
 Lesser Beckoning         Tloc           18%        N/A       8%          3
 Magic Dart               Conj           0%         1d3       24%         1
 Confusing Touch          Hex            0%         N/A       56%         3
 Mephitic Cloud           Conj/Pois/Air  0%         N/A       56%         3
 Stone Arrow              Conj/Erth      0%         3d7       56%         3
 Manifold Assault         Tloc           18%        N/A       56%         5
 Yara's Violent Unravell  Hex/Tmut       0%         3d3       100%        5
 Enfeeble                 Hex            0%         N/A       100%        7
 Orb of Destruction       Conj           0%         9d5       100%        7
 Lehudib's Crystal Spear  Conj/Erth      0%         10d2      100%        8
 Call Imp                 Summ           Unusable   N/A       N/A         2
 Summon Guardian Golem    Hex/Summ       Unusable   N/A       N/A         3
 Animate Armour           Summ/Erth      Unusable   N/A       N/A         4
 Spellforged Servitor     Conj/Summ      Unusable   N/A       N/A         7

Dungeon Overview and Level Annotations

Branches:
Dungeon (11/15)            Temple (1/1) D:7            Lair (1/6) D:9
    Orc (0/2) D:9         Ossuary (visited)          Bailey (visited)
Gauntlet (visited)

Altars:
Ashenzari
Dithmenos
Elyvilon
Fedhas
Gozag
Hepliaklqana
Kikubaaqudgha
Makhleb
Okawaru
Qazlal
Ru
Uskayaw
Vehumet
Yredelemnul
Lugonu

Portals:
Abyss: D:4
Trove: D:10 (show slimy rune of Zot)

Annotations:
D:10 ??????


Innate Abilities, Weirdness & Mutations

You have a pair of horns on your head.
You reflexively headbutt those who attack you in melee.


Message History

You are too injured to fight recklessly!
You are too injured to fight recklessly!
You are too injured to fight recklessly!
You are too injured to fight recklessly!
You are too injured to fight recklessly!
You are too injured to fight recklessly!
You are too injured to fight recklessly!
You are too injured to fight recklessly!
You are too injured to fight recklessly!
You gain the combat prowess of a mighty hero.
The yak gores you but does no damage. The yak closely misses you.
You furiously retaliate!
You headbutt the yak! The komodo dragon bites you!!
The cane toad closely misses you.
You closely miss the cane toad. Your punch misses the cane toad.
The cane toad is heavily wounded.
You hit the yak. You slash the yak!
You hit the komodo dragon but do no damage.
The yak gores you. The yak gores you!
* * * LOW HITPOINT WARNING * * *
You slash the cane toad! You headbutt the cane toad.
You kill the cane toad!
Okawaru accepts your kill.
You slash the yak!
You hit the komodo dragon but do no damage.
You hit the yak. The komodo dragon closely misses you.
Found a potion of attraction.
The yak gores you but does no damage. The yak gores you!
* * * LOW HITPOINT WARNING * * *
You see here a cane toad corpse.
You slash the yak!
You kill the yak!
Okawaru accepts your kill.
You hit the komodo dragon but do no damage.
You hit the yak. The yak gores you.
* * * LOW HITPOINT WARNING * * *
Your base Shields skill increases to level 3!
You hit the komodo dragon. You headbutt the komodo dragon.
The komodo dragon is heavily wounded.
You closely miss the yak. The komodo dragon bites you!!
You die...

#...##....#............
#...[...P...#....##..≈.
#.........#.#.....#####
##.............#......#
#..............##......
................##.#....
..........##.###..##..##
..........#### .... ##
.......@l.# ....
!.......Y.# ..#.
..........# .#
...........#
..........## ...........
##.!........
............


You could see a komodo dragon and a yak.

Vanquished Creatures
  A minotaur (Gauntlet)
  Erolcha (D:9)
  A hydra (D:9)
  A centaur warrior (D:9)
  4 two-headed ogres
  A sun demon (Gauntlet)
  An orc knight (Bailey)
  A manticore (D:9)
  A cyclops (D:9)
  Maggie (D:9)
  4 cane toads (Lair:1)
  A hellion (Gauntlet)
  A rime drake (Lair:1)
  A kobold demonologist (D:10)
  Psyche (D:9)
  An unseen horror (D:10)
  2 trolls
  2 wyverns (D:9)
  15 yaks
  2 shadows
  3 basilisks
  A steam dragon (D:8)
  Duvessa (D:5)
  5 water moccasins
  A hell hound (Gauntlet)
  2 ice beasts
  3 sky beasts
  6 orc warriors
  An ogre (D:5)
  3 centaurs
  2 kobold brigands
  3 gnoll sergeants
  2 necrophages
  5 bullfrogs
  A scorpion (D:3)
  6 water moccasin zombies (Ossuary)
  Dowan (D:5)
  12 killer bees
  4 howler monkeys
  A crimson imp (D:3)
  2 hounds
  3 jellies
  3 orc priests
  A bouda (D:7)
  An iguana (D:6)
  6 orc wizards
  2 mummies (Ossuary)
  17 gnolls
  14 adders
  2 shadow imps
  4 adder zombies (Ossuary)
  4 worms
  2 dart slugs
  27 orcs
  15 endoplasms
  4 giant cockroaches
  3 gnoll zombies (Ossuary)
  10 goblins
  9 hobgoblins
  4 jackals
  4 quokkas
  9 ball pythons
  6 bats
  8 frilled lizards
  7 hobgoblin zombies (Ossuary)
  25 kobolds
  5 kobold zombies (Ossuary)
  5 orc zombies (Ossuary)
  8 rats
  A lurking horror (D:4)
317 creatures vanquished.

Vanquished Creatures (others)
  A white imp (Gauntlet)
  3 kobolds (D:9)
  10 fungi
  A lurking horror (D:4)
  17 plants
32 creatures vanquished.

Grand Total: 349 creatures vanquished

Notes
Turn   | Place    | Note
-------+----------+-------------------------------------------
     0 | D:1      | frimble the Minotaur Monk began the quest for the Orb.
     0 | D:1      | Reached XP level 1. HP: 19/19 MP: 0/0
   392 | D:1      | Found a faded altar of an unknown god.
   401 | D:1      | Reached XP level 2. HP: 25/27 MP: 1/1
  1172 | D:2      | Reached XP level 3. HP: 32/33 MP: 2/2
  1566 | D:2      | Reached XP level 4. HP: 36/41 MP: 3/3
  1638 | D:2      | Found a shadowy altar of Dithmenos.
  1989 | D:2      | Reached skill level 1 in Armour
  2205 | D:3      | Noticed a scorpion
  2215 | D:3      | Killed a scorpion
  2216 | D:3      | Reached skill level 5 in Axes
  2216 | D:3      | Reached skill level 1 in Throwing
  2216 | D:3      | Reached XP level 5. HP: 11/47 MP: 4/4
  2467 | D:3      | Reached skill level 5 in Fighting
  2698 | D:3      | Found a radiant altar of Vehumet.
  2699 | D:3      | Found a burning altar of Makhleb.
  3127 | D:4      | Found a one-way gate to the infinite horrors of the Abyss.
  3187 | D:4      | Found a corrupted altar of Lugonu.
  3489 | D:4      | Reached XP level 6. HP: 38/56 MP: 5/5
  4161 | D:5      | Entered Level 5 of the Dungeon
  4224 | D:5      | Found an ancient bone altar of Kikubaaqudgha.
  4262 | D:6      | Noticed a water moccasin
  4272 | D:6      | Killed a water moccasin
  4647 | D:5      | Reached XP level 7. HP: 39/63 MP: 6/6
  5076 | D:5      | Identified the +1 robe "Iliuxzunn" {rCorr Slay+3}
  5082 | D:5      | Noticed Duvessa
  5082 | D:5      | Noticed Dowan
  5369 | D:5      | Killed Dowan
  5390 | D:5      | Killed Duvessa
  5635 | D:5      | Identified the +11 hand axe of Crystal {speed, rC+ rN+
                  | Str-2 Dex+4}
  5783 | D:6      | Found a sacrificial altar of Ru.
  5846 | D:6      | Reached XP level 8. HP: 68/73 MP: 7/7
  6193 | D:7      | Found a staircase to the Ecumenical Temple.
  6202 | Temple   | Entered the Ecumenical Temple
  6220 | Temple   | Became a worshipper of Warmaster Okawaru
  6220 | Temple   | Reached * piety under Okawaru
  6220 | Temple   | Reached ** piety under Okawaru
  6310 | D:7      | Learned a level 2 spell: Blink
  6457 | D:7      | Reached skill level 1 in Invocations
  6463 | D:7      | Reached skill level 5 in Throwing
  6746 | D:7      | Found a sand-covered staircase.
  6751 | Ossuary  | Entered an ossuary
  6775 | Ossuary  | Reached XP level 9. HP: 82/82 MP: 10/10
  6842 | Ossuary  | Reached *** piety under Okawaru
  6975 | D:7      | Found a hazy altar of Hepliaklqana.
  7553 | D:8      | Reached skill level 1 in Translocations
  7777 | D:8      | Noticed a two-headed ogre
  7783 | D:8      | Killed a two-headed ogre
  7783 | D:8      | Reached **** piety under Okawaru
  7783 | D:8      | Received a gift from Okawaru
  7964 | D:8      | Identified the +4 dagger "Huymoipn" {elec, rC- rN++ rCorr
                  | Str+3}
  7979 | D:8      | Reached XP level 10. HP: 84/91 MP: 12/12
  8041 | D:8      | Reached skill level 5 in Invocations
  8177 | D:9      | Found a staircase to the Lair.
  8195 | D:9      | Reached skill level 10 in Axes
  8213 | D:9      | Noticed Psyche
  8238 | D:9      | Noticed Erolcha
  8246 | D:9      | Found an opulent altar of Gozag.
  8267 | D:9      | Found a flagged portal.
  8276 | Bailey   | Entered a bailey
  8344 | Bailey   | Reached skill level 10 in Fighting
  8390 | Bailey   | Received a gift from Okawaru
  8405 | Bailey   | Noticed an orc knight
  8436 | Bailey   | Killed an orc knight
  8436 | Bailey   | Reached ***** piety under Okawaru
  8519 | Bailey   | Identified the +9 short sword "Arbiter" {holy, rElec Dex+5}
  8736 | D:9      | Killed Psyche
  8937 | D:9      | Noticed Maggie
  8945 | D:9      | Killed Maggie
  8962 | D:9      | Noticed a centaur warrior
  8973 | D:9      | Killed a centaur warrior
  8973 | D:9      | Received a gift from Okawaru
  9028 | D:9      | Noticed a four-headed hydra
  9036 | D:9      | Killed a one-headed hydra
  9037 | D:9      | Reached XP level 11. HP: 85/101 MP: 11/14
  9058 | D:9      | Noticed a two-headed ogre
  9063 | D:9      | Killed a two-headed ogre
  9102 | D:9      | Killed Erolcha
  9102 | D:9      | Identified the +1 pair of gloves of the Desolation of Salt
                  | {rPois Str-5 Int+3 Dex+4} (Okawaru gifted it to you on
                  | level 9 of the Dungeon)
  9102 | D:9      | Received a gift from Okawaru
  9529 | D:9      | Found a staircase to the Orcish Mines.
  9577 | D:9      | Found a stormy altar of Qazlal.
  9580 | D:9      | Found a blossoming altar of Fedhas.
  9583 | D:9      | Found a white marble altar of Elyvilon.
  9586 | D:9      | Found a hide-covered altar of Uskayaw.
  9681 | D:10     | Entered Level 10 of the Dungeon
  9813 | D:10     | Noticed a two-headed ogre
  9820 | D:10     | Killed a two-headed ogre
 10080 | D:10     | Noticed a two-headed ogre
 10088 | D:10     | Killed a two-headed ogre
 10157 | D:10     | Found a portal to a secret trove of treasure.
 10246 | D:10     | You fall into a shaft and drop 1 floor!
 10450 | Lair:1   | Entered Level 1 of the Lair of Beasts
 10591 | Lair:1   | Found a gate leading to a gauntlet.
 10596 | Lair:1   | Reached skill level 5 in Translocations
 10596 | Lair:1   | Reached XP level 12. HP: 67/112 MP: 16/16
 10647 | Gauntlet | Entered a Gauntlet
 10647 | Gauntlet | Noticed a blizzard demon
 10647 | Gauntlet | Found a transporter.
 10647 | Gauntlet | Found a transporter.
 10648 | Gauntlet | Found a transporter.
 10648 | Gauntlet | Found a transporter.
 10651 | Gauntlet | Found a transporter.
 10666 | Gauntlet | Found a transporter.
 10672 | Gauntlet | Found a transporter.
 10674 | Gauntlet | Found a transporter.
 10687 | Gauntlet | Found a transporter.
 10692 | Gauntlet | Found a transporter.
 10769 | Gauntlet | Found a transporter.
 10788 | Gauntlet | Found a transporter.
 10857 | Gauntlet | Identified the +3 hat of the Original Sin {rPois Str+4
                  | Slay-2}
 10913 | Gauntlet | Reached skill level 1 in Shields
 10967 | Gauntlet | Identified the +0 hat of Keroc {rF+ rC+ MP+9}
 11027 | Gauntlet | Identified the ring of Ukarhuc {Fire rCorr Str+5 Dex+2
                  | SInv}
 11027 | Gauntlet | Noticed a minotaur
 11045 | Gauntlet | Killed a minotaur
 11193 | Lair:1   | Mangled by a komodo dragon

Illustrated notes

Levels and vault maps discovered:
D:1:      shiori_arrival_maze, layout_loops_ring,
          hellmonk_ecumenical_altar_blasted
D:2:      minmay_chambers_of_twos, layout_basic, basic_altar,
          grunt_ministairs_2, minmay_lizard_pond
D:3:      layout_loops_ring, grunt_temple_overflow_lords_of_destruction
D:4:      layout_loops_ring, amcnicky_altar_lugonu_corruption
D:5:      layout_gridville, mainiacjoe_overflow_boulevard,
          kennysheep_cluttered_room, uniq_duvessa
D:6:      layout_gridville, nicolae_ru_sacrificial_ziggurat
D:7:      layout_basic, nicolae_overflow_hidden_temple, temple_statues,
          enter_ossuary_2
D:8:      layout_layer_cave, minmay_between
D:9:      minmay_blocky_corners, layout_irregular_city,
          mainiacjoe_overflow_small_starburst, minitemple, david_lair_generic,
          enter_bailey_5, uniq_psyche, uniq_maggie, uniq_erolcha
D:10:     layout_cave_pools, nicolae_trove_entry_columns, water_maze_lemuel
D:11:     layout_loops_ring, minmay_the_grid_square_5x5_3x3_mashed
          [minmay_the_grid_square_5x5_shuriken,
          minmay_the_grid_square_5x5_tri_point,
          minmay_the_grid_square_5x5_three_small,
          minmay_the_grid_square_5x5_plus,
          minmay_the_grid_square_5x5_megaprize_open,
          minmay_the_grid_square_5x5_z,
          minmay_the_grid_square_5x5_half_checkered,
          minmay_the_grid_square_5x5_forky,
          minmay_the_grid_square_5x5_trominoes]
Temple:   hc_temple_tempest_star
Lair:1:   hellmonk_ruined_rings, layout_small_grid, gauntlet_entry_generic

Skill      XL: |  1  2  3  4  5  6  7  8  9 10 11 12 |
---------------+-------------------------------------+-----
Axes           | 4 5 6 7 8 9 10 12 | 12.5
Fighting       | 4 5 6 7 8 9 10 11 12 | 12.0
Dodging        | 4 |  4.1
Armour         | 1 2 3 |  3.0
Throwing       | 1 2 4 5 6 8 9 |  9.2
Invocations    | 3 4 6 7 8 |  8.0
Translocations | 2 3 5 |  5.5
Shields        | 3 |  3.0
Stealth        | |  1.5

Action                   |  1- 3 |  4- 6 |  7- 9 | 10-12 || total
-------------------------+-------+-------+-------+-------++-------
Melee: Hand axe          |    81 |   131 |   186 |   249 ||   647
       Headbutt          |    10 |    18 |    42 |    57 ||   127
       Punch             |     1 |       |     3 |     7 ||    11
       Broad axe         |       |       |       |     4 ||     4
Throw: Boomerang         |       |     5 |    13 |    57 ||    75
Invok: Heroism           |       |       |     3 |    19 ||    22
       Finesse           |       |       |       |     1 ||     1
Evoke: Wand              |       |       |       |     6 ||     6
  Use: Scroll            |     5 |     8 |     9 |     3 ||    25
       Potion            |       |     1 |     1 |     2 ||     4
 Stab: Sleeping          |     4 |     8 |     8 |     1 ||    21
Armor: Robe              |     7 |    14 |    16 |    12 ||    49
Dodge: Dodged            |    43 |    72 |    99 |   126 ||   340

Table legend: (Time is in decaauts)
 A = Elapsed time spent in this place.
 B = Non-inter-level travel time spent in this place.
 C = Inter-level travel time spent in this place.
 D = Time resting spent in this place.
 E = Time spent auto-exploring this place.
 F = Levels seen in this place.
 G = Mean time per level.
                   A        B        C        D        E       F      G
               +--------+--------+--------+--------+--------+-----+--------+
         Total |  10971 |  10546 |    425 |    670 |   7952 |  16 |  685.7 |
       Dungeon |   9700 |   9304 |    396 |    592 |   7337 |  11 |  881.8 |
        Temple |     31 |     12 |     19 |      0 |      8 |   1 |   31.0 |
          Lair |    228 |    219 |      9 |      0 |    100 |   1 |  228.0 |
       Ossuary |    147 |    147 |      0 |      0 |     81 |   1 |  147.0 |
        Bailey |    402 |    402 |      0 |      0 |    236 |   1 |  402.0 |
      Gauntlet |    460 |    460 |      0 |     78 |    189 |   1 |  460.0 |
               +--------+--------+--------+--------+--------+-----+--------+

Top non-repeatable levels by time:
     D:4: 1265 daAuts
     D:1: 1168 daAuts
     D:3: 1076 daAuts
     D:9: 1070 daAuts
     D:7: 917 daAuts
     D:6: 914 daAuts
     D:2: 891 daAuts
     D:5: 884 daAuts
     D:8: 796 daAuts
    D:10: 702 daAuts
Gauntlet: 460 daAuts
  Bailey: 402 daAuts
  Lair:1: 228 daAuts
 Ossuary: 147 daAuts
  Temple: 31 daAuts
